 Dungeon Crawl Stone Soup version 0.21.1-1-g345015f (webtiles) character file.

48 diana the Shield-Bearer (level 4, -2/37 HPs)
             Began as a Formicid Fighter on June 8, 2018.
             Slain by an orc wizard
             ... wielding a +0 dagger
              (5 damage)
             ... on level 2 of the Dungeon.
             The game lasted 00:01:28 (1393 turns).

diana the Shield-Bearer (Formicid Fighter)          Turns: 1393, Time: 00:01:30

Health: -2/37      AC:  6    Str: 22    XL:     4   Next: 0%
Magic:  4/4        EV:  8    Int:  7    God:
Gold:   80         SH:  0    Dex: 10    Spells: 3/3 levels left

rFire    . . .     SeeInvis +   a - +0 trident
rCold    . . .     Gourm    .   c - +0 shield
rNeg     . . .     Faith    .   b - +0 scale mail
rPois    .         Spirit   .   (helmet unavailable)
rElec    .         Reflect  .   (no cloak)
rCorr    .         Harm     .   (no gloves)
MR       .....                  (no boots)
Stlth    ..........             (no amulet)
HPRegen  0.12/turn              (no ring)
MPRegen  0.09/turn              (no ring)

@: confused, lethally poisoned (-2 -> -32)
A: permanent stasis, dig shafts and tunnels, four strong arms, antennae 3
a: Dig, Shaft Self


You were on level 2 of the Dungeon.
You were hungry.

You visited 1 branch of the dungeon, and saw 2 of its levels.

You collected 80 gold pieces.

Inventory:

Hand Weapons
 a - a +0 trident (weapon)
Armour
 b - a +0 scale mail (worn)
 c - a +0 shield (worn)
Scrolls
 e - a scroll of identify {unknown}
 g - 2 scrolls of remove curse {unknown}
 i - a scroll of teleportation {unknown}
 k - a scroll of magic mapping {unknown}
Potions
 d - a potion of might
 h - a potion of curing {unknown}
 j - a potion of flight {unknown}
 l - a potion of berserk rage {unknown}
Comestibles
 f - 3 rations


   Skills:
 - Level 3.8 Fighting
 * Level 2.9 Polearms
 - Level 3.5 Armour
 - Level 4.1 Shields


You had 3 spell levels left.
You didn't know any spells.

Dungeon Overview and Level Annotations

Branches:
Dungeon (2/15)

Altars:


Innate Abilities, Weirdness & Mutations

You cannot be hasted, slowed, berserked, paralysed or teleported.
You can dig through walls and to a lower floor.
Your four strong arms can wield two-handed weapons with a shield.
You have a pair of large antennae on your head. (SInv)


Message History

The orc wizard gestures at you while chanting.
You resist with some effort. The orc wizard closely misses you.
The orc hits you but does no damage.
The orc wizard hits you but does no damage.
You closely miss the orc wizard.
The orc wizard is almost dead.
* * * LOW HITPOINT WARNING * * *
You feel sick.
The orc wizard hits you but does no damage.
You are more poisoned.
The orc closely misses you.
The orc wizard hits you but does no damage.
You hit the orc wizard but do no damage.
The orc wizard is almost dead.
* * * LOW HITPOINT WARNING * * *
You feel sick.
The orc wizard hits you but does no damage.
You are more poisoned.
The orc closely misses you. The orc wizard hits you with a dagger.
You die...

######....
........<...
#.......#.. ...
#$......+.# #..
#.......#.# #..
##.......#.# #.#
.'.....o.#.# #.#
#....o@(#.# #.#
+.....o.#.###.#######
#.......(...........#
.........#.##.####.#.#
...#######........(#
.. ####.##.###### .
####.........(....
.........#.######.
.........+.# .#


You could see 2 orc wizards and an orc.

Vanquished Creatures
  An adder (D:2)
  An ooze (D:1)
  A dart slug (D:1)
  2 leopard geckos (D:1)
  A giant cockroach (D:1)
  5 goblins (D:1)
  7 hobgoblins (D:1)
  6 bats
  4 kobolds (D:1)
  2 rats
30 creatures vanquished.

Notes
Turn   | Place    | Note
-------+----------+-------------------------------------------
     0 | D:1      | diana the Formicid Fighter began the quest for the Orb.
     0 | D:1      | Reached XP level 1. HP: 18/18 MP: 1/1
    42 | D:1      | Reached XP level 2. HP: 6/24 MP: 2/2
   504 | D:1      | Reached skill level 4 in Shields
   828 | D:1      | Reached XP level 3. HP: 30/30 MP: 3/3
  1361 | D:2      | Reached XP level 4. HP: 37/37 MP: 4/4
  1393 | D:2      | Slain by an orc wizard

Skill      XL: |  1  2 |
---------------+-------+-----
Shields        | 4 |  4.1
Fighting       | |  3.8
Polearms       | |  2.9
Armour         | |  3.5

Action                   |  1- 3 |  4- 6 || total
-------------------------+-------+-------++-------
Melee: Trident           |    99 |    15 ||   114
  Eat: Chunk             |     1 |       ||     1
Armor: Scale mail        |    43 |    12 ||    55
Dodge: Dodged            |    23 |    11 ||    34
Block: Shield            |    55 |     6 ||    61
